 Dungeon Crawl Stone Soup version 0.31-a0-1074-g0b22e4e0f1 (webtiles) character file.

Game seed: 9887149647861325670

77 backslashecho the Grasshopper (level 4, -1/51 HPs)
             Began as a Human Warper on Dec 4, 2023.
             Slain by an orc
             ... wielding a +4 whip of electrocution
              (6 damage)
             ... on level 4 of the Dungeon.
             The game lasted 00:04:34 (2425 turns).

backslashecho the Grasshopper (Human Warper)        Turns: 2425, Time: 00:04:35

Health: -1/51      AC:  5    Str: 14    XL:     4   Next: 58%
Magic:  7/7        EV: 11    Int: 13    God:
Gold:   96         SH:  0    Dex: 12    Spells: 4/7 levels left

rFire   . . .        a - +0 hand axe
rCold   . . .        (no shield)
rNeg    . . .        o - +0 ring mail
rPois   .            (no helmet)
rElec   .            (no cloak)
rCorr   .            (no gloves)
SInv    .            (no boots)
Will    .....        (no amulet) Stlth
                     (no ring)
HPRegen 0.28/turn    (no ring)
MPRegen 0.10/turn

%: no passive effects
@: berserking, very quick
A: no striking features
a: no special abilities


You were on level 4 of the Dungeon.
You visited 1 branch of the dungeon, and saw 4 of its levels.

You collected 166 gold pieces.
You spent 70 gold pieces at shops.

Inventory:

Hand Weapons
 a - a +0 hand axe (weapon)
 q - a +0 war axe
Missiles
 b - a throwing net
 d - 7 darts of dispersal (quivered)
Armour
 o - a +0 ring mail (worn)
Wands
 x - a wand of flame (20)
Scrolls
 c - a scroll of blinking
 f - a scroll of revelation {unknown}
 h - 2 scrolls of torment {unknown}
 j - a scroll of silence {unknown}
 k - 2 scrolls of poison {unknown}
 n - 3 scrolls of teleportation {unknown}
 p - a scroll of enchant weapon {unknown}
 s - a scroll of enchant armour {unknown}
 t - 3 scrolls of identify {unknown}
 v - a scroll of noise {unknown}
 w - a scroll of fog {unknown}
Potions
 e - a potion of brilliance {unknown}
 g - 2 potions of curing {unknown}
 i - a potion of mutation {unknown}
 l - a potion of degeneration {unknown}
 m - a potion of cancellation {unknown}
 r - a potion of lignification {unknown}


   Skills:
 + Level 2.5 Fighting
 * Level 2.9 Axes
 + Level 1.8 Throwing
 + Level 1.5 Armour
 - Level 2.0 Dodging
 - Level 1.0 Unarmed Combat
 - Level 2.0 Spellcasting
 + Level 3.3 Translocations


You had 4 spell levels left.
You knew the following spells:

 Your Spells              Type           Power      Damage    Failure   Level
a - Apportation           Tloc           18%        N/A       14%         1
b - Blink                 Tloc           18%        N/A       21%         2

Your spell library contained the following spells:

 Spells                   Type           Power      Damage    Failure   Level
 Lesser Beckoning         Tloc           18%        N/A       21%         2
 Teleport Other           Tloc           9%         N/A       38%         3
 Necrotise                Necr           4%         1d4       45%         1
 Summon Small Mammal      Summ           4%         N/A       45%         1
 Ensorcelled Hibernation  Hex/Ice        2%         N/A       61%         2
 Passwall                 Tmut/Erth      0%         N/A       61%         2
 Manifold Assault         Tloc           9%         N/A       80%         4
 Swiftness                Air            1%         N/A       83%         3
 Vhi's Electric Charge    Tloc/Air       10%        N/A       95%         4
 Arcjolt                  Conj/Air       0%         1d10      100%        5
 Plasma Beam              Fire/Air       0%         2x1d10    100%        6


Dungeon Overview and Level Annotations

Branches:
Dungeon (4/15)
 Temple: D:4-7

Altars:

Shops:
D:1 (   D:3 *


Message History

Done exploring.
Done exploring.
You climb downwards.
There is a stone staircase leading up here.
Found a stone staircase leading up.
Found a spear.
Found 4 stones.
There is a stone staircase leading up here.
t - 3 scrolls labelled HAUGGACZUA (gained 1)
You now have 83 gold pieces (gained 10).
You see here 4 stones.
You now have 96 gold pieces (gained 13).
An endoplasm comes into view.
The endoplasm quivers.
An endoplasm is nearby!
An orc comes into view.
It is wielding a +4 whip of electrocution.
The orc shouts!
An orc comes into view.
It is wielding a +1 short sword of venom.
The orc moves out of view.
The orc shouts!
You hear a shout!
An orc comes into view.
It is wielding a +2 short sword of protection.
Found a dark potion.
The endoplasm barely misses you.
You hit the endoplasm.
The endoplasm is almost dead.
The endoplasm freezes you.
You are frozen.
You take 2 damage, and have 32/34 hp.
You hit the endoplasm but do no damage.
The endoplasm is almost dead.
You hit the orc.
The orc hits you with a +4 whip of electrocution.
The endoplasm hits you.
You take 6 damage, and have 26/34 hp.
You hit the endoplasm.
You kill the endoplasm!
You barely miss the orc. You hit the orc. You closely miss the orc.
The orc hits you with a +2 short sword of protection.
The orc closely misses you. x2
The orc hits you with a +4 whip of electrocution.
You are electrocuted!
* * * LOW HITPOINT WARNING * * *
The orc hits you but does no damage.
The orc hits you with a +2 short sword of protection.
* * * LOW HITPOINT WARNING * * *
You take 23 damage, and have 3/34 hp.
MASSIVE DAMAGE!!
You are too injured to fight recklessly!
A red film seems to cover your vision as you go berserk!
You feel yourself moving faster!
You feel mighty! The orc barely misses you.
The orc hits you with a +4 whip of electrocution.
You die...

##.....##.....#
#...##..<.#.### #### ##.
#.....###.#
....###..#..###.# #.#
.......... #.# #<#
........#### #.###.####
....§.§....####.##......
!....≈ooo...#.....).....
....§..@......###....(..
§..........≈..####......
≈..........≈≈..###......
................##......
...§≈§≈≈≈.......##.#####
..§≈####§≈......##.#
..≈# ##≈.....§...# ..§
#§....≈§.### #≈.....≈.#


You could see 3 orcs.

Vanquished Creatures
  2 adders
  A worm (D:2)
  2 dart slugs
  3 orcs (D:3)
  6 ball pythons
  4 endoplasms
  6 goblins
  4 hobgoblins
  5 kobolds
  4 quokkas
  3 bats
  2 frilled lizards
  2 rats (D:1)
44 creatures vanquished.

Notes
Turn   | Place    | Note
-------+----------+-------------------------------------------
     0 | D:1      | backslashecho the Human Warper began the quest for the Orb.
     0 | D:1      | Reached XP level 1. HP: 16/16 MP: 3/3
   138 | D:1      | Found Muuman's Antique Weapon Shoppe.
   155 | D:1      | Reached XP level 2. HP: 20/22 MP: 5/5
   353 | D:1      | Reached XP level 3. HP: 26/27 MP: 6/6
  1780 | D:3      | Reached XP level 4. HP: 34/34 MP: 7/7
  1816 | D:3      | Found Jecugeq's General Store.
  1820 | D:3      | Bought a potion of berserk rage for 70 gold pieces
  2020 | D:3      | Reached skill level 1 in Unarmed Combat
  2276 | D:3      | Learned a level 2 spell: Blink
  2278 | D:3      | Learned a level 1 spell: Apportation
  2353 | D:3      | Found a faded altar of an unknown god.
  2425 | D:4      | Slain by an orc

Illustrated notes

Levels and vault maps discovered:
D:1:      wander_arrival_abandoned_jail, layout_rooms, serial_shops,
          nicolae_shop_crystal
D:2:      layout_basic, grunt_ministairs_11
D:3:      layout_rooms, dilly_ecumenical_altar_fadedgnrine, serial_shops,
          nicolae_shop_pleasant_corner_grove
D:4:      layout_rooms, kennysheep_decorative_pillar, uniq_pikel

Skill      XL: |  1  2  3  4 |
---------------+-------------+-----
Unarmed Combat | 1 |  1.0
Fighting       | |  2.5
Axes           | |  2.9
Throwing       | |  1.8
Armour         | |  1.5
Dodging        | |  2.0
Spellcasting   | |  2.0
Translocations | |  3.3

Action                     |  1- 3 |  4- 6 || total
---------------------------+-------+-------++-------
  Melee: Hand axe          |   119 |    70 ||   189
    Use: Potion            |       |     1 ||     1
 Armour: Leather armour    |    56 |       ||    56
         Ring mail         |    13 |    49 ||    62
  Dodge: Dodged            |    89 |    41 ||   130

Table legend: (Time is in decaauts)
 A = Elapsed time spent in this place.
 B = Non-inter-level travel time spent in this place.
 C = Inter-level travel time spent in this place.
 D = Time resting spent in this place.
 E = Time spent auto-exploring this place.
 F = Levels seen in this place.
 G = Mean time per level.
                   A        B        C        D        E       F      G
               +--------+--------+--------+--------+--------+-----+--------+
         Total |   2459 |   2319 |    140 |    189 |   1580 |   4 |  614.8 |
       Dungeon |   2459 |   2319 |    140 |    189 |   1580 |   4 |  614.8 |
               +--------+--------+--------+--------+--------+-----+--------+

Top non-repeatable levels by time:
     D:2: 1154 daAuts
     D:3: 671 daAuts
     D:1: 584 daAuts
     D:4: 49 daAuts
